 Dungeon Crawl Stone Soup version 0.28-a0-751-gef3a642a4e (webtiles) character file.

Game seed: 11993641430753616110

647 dolemite99 the Cruncher (level 7, 0/57 HPs)
             Began as a Minotaur Monk on Oct 31, 2021.
             Was an Initiate of Gozag.
             Slain by a scorpion (6 damage)
             ... on level 7 of the Dungeon.
             The game lasted 00:04:50 (4490 turns).

dolemite99 the Cruncher (Minotaur Monk)             Turns: 4490, Time: 00:04:51

Health: 0/57       AC:  5    Str: 17    XL:     7   Next: 27%
Magic:  6/6        EV: 12    Int:  7    God:    Gozag
Gold:   427        SH:  0    Dex: 13    Spells: 6/6 levels left

rFire   . . .      SeeInvis .   a - +0 spear
rCold   . . .      Faith    .   (no shield)
rNeg    . . .      Spirit   .   k - +0 leather armour
rPois   .          Reflect  .   (helmet restricted)
rElec   .          Harm     .   (no cloak)
rCorr   .          Rampage  .   o - +0 pair of gloves
Will    .....                   g - +0 pair of boots
Stlth   ++........              (no amulet)
HPRegen 0.19/turn               (no ring)
MPRegen 0.10/turn               (no ring)

@: mighty, lethally poisoned (0 -> -5)
A: horns 2, retaliatory headbutt
a: Renounce Religion, Potion Petition, Call Merchant, Bribe Branch


You were on level 7 of the Dungeon.
You worshipped Gozag.
Gozag was aware of your devotion.
You visited 1 branch of the dungeon, and saw 6 of its levels.

You collected 532 gold pieces.
You paid 105 gold pieces to Gozag.

Inventory:

Hand Weapons
 a - a +0 spear (weapon)
 e - a +0 hunting sling
 h - a +0 hunting sling
 p - a +0 hunting sling
Missiles
 d - 106 sling bullets
 f - 71 stones (quivered)
 i - 77 arrows
Armour
 g - a +0 pair of boots (worn)
 k - a +0 leather armour (worn)
 o - a +0 pair of gloves (worn)
Scrolls
 j - a scroll of identify {@r1}
 m - 3 scrolls of silence
 n - a scroll of fog


   Skills:
 - Level 3.6 Fighting
 - Level 3.6(7.0) Polearms
 + Level 9.4(9.7) Staves
 - Level 3.2 Dodging
 - Level 1.5 Stealth


You had 6 spell levels left.
You didn't know any spells.
Your spell library contained the following spells:

 Spells                   Type           Power      Damage    Failure   Level
 Beastly Appendage        Tmut           0%         N/A       50%         1
 Pain                     Necr           0%         1d4       50%         1
 Static Discharge         Conj/Air       0%         N/A       65%         2
 Sublimation of Blood     Necr           0%         N/A       65%         2
 Wereblood                Tmut           0%         N/A       65%         2
 Spider Form              Tmut/Pois      0%         N/A       86%         3
 Dispel Undead            Necr           0%         3d6       99%         4
 Petrify                  Tmut/Erth      0%         N/A       99%         4
 Sticky Flame             Conj/Fire      0%         2d3       99%         4
 Agony                    Necr           0%         N/A       100%        5
 Excruciating Wounds      Necr           0%         N/A       100%        5
 Irradiate                Conj/Tmut      0%         3d13      100%        5


Dungeon Overview and Level Annotations

Branches:
Dungeon (5/15)
 Temple: D:4-7

Altars:
Cheibriados
Elyvilon
Gozag
Kikubaaqudgha
Xom
Yredelemnul
The Shining One

Shops:
D:4 *

Annotations:
D:3 Sigmund
D:4 Pikel


Innate Abilities, Weirdness & Mutations

You have a pair of horns on your head.
You reflexively headbutt those who attack you in melee.


Message History

* * * LOW HITPOINT WARNING * * *
You hit the orc warrior. Your headbutt misses the orc warrior.
The orc warrior is heavily wounded.
The shadow imp hits you but does no damage.
The orc warrior misses you. You furiously retaliate!
You headbutt the orc warrior, but do no damage.
The scorpion stings you but does no damage.
You barely miss the orc warrior. Your headbutt misses the orc warrior.
The orc warrior is moderately wounded.
The shadow imp barely misses you. The orc warrior closely misses you.
You puncture the orc warrior!
The orc warrior is severely wounded.
The scorpion misses you. The shadow imp closely misses you.
You hit the orc warrior.
The orc warrior is almost dead.
The scorpion stings you.
* * * LOW HITPOINT WARNING * * *
The orc warrior misses you. You furiously retaliate!
You headbutt the orc warrior, but do no damage.
You hit the orc warrior but do no damage.
The orc warrior is almost dead.
The shadow imp barely misses you.
The scorpion stings you but does no damage.
The orc warrior closely misses you. You furiously retaliate!
You headbutt the orc warrior, but do no damage.
You closely miss the orc warrior.
The orc warrior is almost dead.
The scorpion stings you.
* * * LOW HITPOINT WARNING * * *
You are poisoned.
The scorpion poisons you!
The shadow imp hits you but does no damage.
The orc warrior hits you with a +0 morningstar.
* * * LOW HITPOINT WARNING * * *
You hit the orc warrior.
The orc warrior is almost dead.
* * * LOW HITPOINT WARNING * * *
You feel sick. The scorpion stings you.
You die...
Your body crumbles into a pile of gold.

o.......)..(s..
.............#
.............#
.o.......$...#
.............#
######'####.#
#$# #s## #5@#
##o##
#o.##+#########
#..............
#..............
#.(............
#..............
#..............
###.#.!........


You could see an orc warrior, a scorpion, a shadow imp and an orc.

Vanquished Creatures
  A troll (D:7)
  A wyvern (D:7)
  A phantom (D:4)
  A lemure (D:5)
  A bullfrog (D:3)
  A jelly (D:3)
  Robin (D:2)
  2 adders (D:3)
  A howler monkey skeleton (D:5)
  2 worms (D:3)
  2 dart slugs
  8 orcs
  4 endoplasms
  2 giant cockroaches
  15 goblins
  9 hobgoblins
  A quokka (D:5)
  2 ball pythons
  2 bats
  5 frilled lizards
  3 kobolds
  3 rats
68 creatures vanquished.

Notes
Turn   | Place    | Note
-------+----------+-------------------------------------------
     0 | D:1      | dolemite99 the Minotaur Monk began the quest for the Orb.
     0 | D:1      | Reached XP level 1. HP: 19/19 MP: 0/0
    74 | D:1      | Reached skill level 1 in Staves
   263 | D:1      | Found a faded altar of an unknown god.
   273 | D:1      | Reached skill level 2 in Staves
   273 | D:1      | Reached XP level 2. HP: 23/26 MP: 1/1
   284 | D:1      | Prayed at the altar of an unknown god.
   284 | D:1      | Became a worshipper of Gozag Ym Sagoz the Greedy
  1020 | D:2      | Noticed Robin
  1022 | D:2      | Reached skill level 3 in Staves
  1428 | D:2      | Reached XP level 3. HP: 31/31 MP: 2/2
  2005 | D:2      | Killed Robin
  2006 | D:2      | Reached skill level 4 in Staves
  2920 | D:3      | Noticed a bullfrog
  2928 | D:3      | Killed a bullfrog
  2929 | D:3      | Reached skill level 5 in Staves
  2929 | D:3      | Reached XP level 4. HP: 30/39 MP: 3/3
  3145 | D:3      | Reached XP level 5. HP: 45/45 MP: 4/4
  3171 | D:3      | Reached skill level 6 in Staves
  3644 | D:3      | Noticed Sigmund
  3679 | D:4      | Found Ulu Qast's General Store.
  3682 | D:4      | Noticed a phantom
  3687 | D:4      | Found a shimmering altar of Xom.
  3687 | D:4      | Found a white marble altar of Elyvilon.
  3695 | D:4      | Killed a phantom
  3696 | D:4      | Reached skill level 7 in Staves
  3696 | D:4      | Reached XP level 6. HP: 42/51 MP: 5/5
  3840 | D:4      | Found a basalt altar of Yredelemnul.
  3842 | D:4      | Found an ancient bone altar of Kikubaaqudgha.
  3843 | D:4      | Found a snail-covered altar of Cheibriados.
  3843 | D:4      | Found a glowing golden altar of the Shining One.
  3900 | D:4      | Noticed Pikel
  3912 | D:5      | Entered Level 5 of the Dungeon
  4389 | D:4      | You fall into a shaft and drop 3 floors!
  4391 | D:7      | Noticed a wyvern
  4391 | D:7      | Noticed an orc warrior
  4457 | D:7      | Killed a wyvern
  4458 | D:7      | Reached skill level 8 in Staves
  4468 | D:7      | Noticed a troll
  4469 | D:7      | Noticed an orc warrior
  4476 | D:7      | Killed a troll
  4477 | D:7      | Reached skill level 9 in Staves
  4477 | D:7      | Reached XP level 7. HP: 32/57 MP: 6/6
  4490 | D:7      | Slain by a scorpion

Illustrated notes

Levels and vault maps discovered:
D:1:      nicolae_arrival_somewhat_less_tricky_arrival, layout_basic,
          chequers_ecumenical_altar_island
D:2:      layout_basic, uniq_robin
D:3:      layout_rooms, kennysheep_generic_room_7, uniq_sigmund
D:4:      layout_basic, evilmike_ruin_ashenzari, grunt_temple_overflow_open,
          serial_shops, nicolae_diamond_shop, uniq_pikel, uniq_natasha
D:5:      layout_basic, minmay_temple_entry_junction_2
D:7:      layout_basic

Skill      XL: |  1  2  3  4  5  6 |
---------------+-------------------+-----
Staves         | 2 3 5 7 9 |  9.4
Fighting       | |  3.6
Polearms       | |  3.6
Dodging        | |  3.2
Stealth        | |  1.5

Action                   |  1- 3 |  4- 6 |  7- 9 || total
-------------------------+-------+-------+-------++-------
Melee: Spear             |   122 |    97 |    11 ||   230
       Headbutt          |    16 |    17 |       ||    33
Throw: Stone             |    32 |    24 |       ||    56
Invok: Potion Petition   |       |       |     1 ||     1
  Use: Scroll            |     2 |     3 |       ||     5
       Potion            |       |     2 |     1 ||     3
 Stab: Sleeping          |     6 |       |       ||     6
Armor: Robe              |     4 |       |       ||     4
       Leather armour    |     5 |    12 |     4 ||    21
Dodge: Dodged            |    41 |    49 |    11 ||   101

Table legend: (Time is in decaauts)
 A = Elapsed time spent in this place.
 B = Non-inter-level travel time spent in this place.
 C = Inter-level travel time spent in this place.
 D = Time resting spent in this place.
 E = Time spent auto-exploring this place.
 F = Levels seen in this place.
 G = Mean time per level.
                   A        B        C        D        E       F      G
               +--------+--------+--------+--------+--------+-----+--------+
         Total |   4476 |   4345 |    131 |   1176 |   2344 |   6 |  746.0 |
       Dungeon |   4476 |   4345 |    131 |   1176 |   2344 |   6 |  746.0 |
               +--------+--------+--------+--------+--------+-----+--------+

Top non-repeatable levels by time:
     D:2: 1366 daAuts
     D:1: 1333 daAuts
     D:3: 976 daAuts
     D:5: 454 daAuts
     D:4: 248 daAuts
     D:7: 96 daAuts
